 Dungeon Crawl Stone Soup version bcrawl-1.32 (webtiles) character file.

Game seed: 17515293382467965249

110428 Morbidden the Gusty (level 3, -5/27 HPs)
             Began as a Demigod Air Elementalist on July 9, 2021.
             Slain by an ogre
             ... wielding a +0 giant club
              (15 damage)
             ... on level 1 of the Dungeon.
             The game lasted 00:01:24 (1127 turns).

Morbidden the Gusty (Demigod Air Elementalist)      Turns: 1127, Time: 00:01:25

Health: -5/27      AC:  2    Str: 14    XL:     3   Next: 14%
Magic:  6/9        EV: 12    Int: 19    God:    Demigod [*.....]
Gold:   63         SH:  0    Dex: 17    Spells: 2/6 levels left

rFire    . . .     SeeInvis .   a - +0 short sword
rCold    . . .     Gourm    .   (no shield)
rNeg     . . .     Faith    .   b - +0 robe
rPois    .         Spirit   .   (no helmet)
rElec    .         Reflect  .   (no cloak)
rCorr    .         Harm     .   (no gloves)
MR       .....                  (no boots)
Stlth    ++........             (no amulet)
HPRegen  0.09/turn              (no ring)
MPRegen  0.11/turn              (no ring)

@: no status effects
A: high mp 1
a: Temporal Distortion


You were on level 1 of the Dungeon.
You worshipped Demigod.
Demigod was aware of your devotion.
You were not hungry.

You visited 1 branch of the dungeon, and saw 2 of its levels.

You collected 63 gold pieces.

Inventory:

Hand Weapons
 a - a +0 short sword (weapon)
Armour
 b - a +0 robe (worn)
Scrolls
 f - a scroll of remove curse {unknown}
 i - a scroll of identify
 j - a scroll of teleportation {unknown}
 n - 2 scrolls of amnesia {unknown}
Potions
 c - 3 potions of flight
 d - 3 potions of might {unknown}
 g - a potion of haste {unknown}
 h - a potion of curing {unknown}
 k - a potion of brilliance {unknown}
 m - a potion of heal wounds {unknown}
 o - a potion of lignification {unknown}
Comestibles
 e - a ration {!d}


   Skills:
 * Level 0.4 Fighting
 * Level 1.8 Dodging
 + Level 2.1 Stealth
 * Level 2.4 Spellcasting
 + Level 1.0 Conjurations
 * Level 3.1 Air Magic


You had 2 spell levels left.
You knew the following spells:

 Your Spells              Type           Power        Failure   Level  Hunger
a - Shock                 Conj/Air       ##...        7%          1    None
b - Static Discharge      Air            ##......     13%         3    ####...

Your spell library contained the following spells:

 Spells                   Type           Power        Failure   Level  Hunger
 Swiftness                Chrm/Air       #.......     13%         2    ##.....
 Airstrike                Air            ##........   41%         4    ######.
 Lightning Bolt           Conj/Air       ##........   88%         5    #######


Dungeon Overview and Level Annotations

Branches:
Dungeon (2/12)


Innate Abilities, Weirdness & Mutations

You have an increased reservoir of magic. (+10% MP)


Message History

Casting: Shock (safe; 7% risk of failure)
Confirm with . or Enter, or press ? or * to list all spells.
Aiming: Shock (safe; 7% risk of failure)
Press: ? - help, Shift-Dir - straight line The zap hits the ogre.
The ogre is moderately wounded.
The zap hits the ogre.
The ogre is heavily wounded.
Casting: Shock (safe; 7% risk of failure)
Confirm with . or Enter, or press ? or * to list all spells.
Aiming: Shock (safe; 7% risk of failure)
Press: ? - help, Shift-Dir - straight line The zap hits the ogre.
The ogre is heavily wounded.
The zap hits the ogre.
The ogre is severely wounded.
The ogre hits you with a +0 giant club!
Ouch! That really hurt!
You die...
Your divinity fades.

...............################
......).......................###
............>.>..................
................#############.###
#...............## #.........#
##...............### #.........#
#######.###.......####.........#
#..##.#..##...............
########........@O.#............#
#...[..รท........##.##......#.##.#
#..................#......##.###.
#............#..##.#............#
#........)...#.....#......###....
#............#..##.#.###.......(.
#...............##.#..##........#
#........##.....##.#........##...
.........###....##.#.........#...


You could see an ogre.

Vanquished Creatures
  2 dart slugs (D:1)
  3 leopard geckos (D:1)
  3 bats (D:1)
  3 goblins (D:1)
  4 hobgoblins (D:1)
  2 jackals (D:1)
  3 frilled lizards (D:1)
  5 kobolds (D:1)
  2 rats (D:1)
27 creatures vanquished.

Notes
Turn   | Place    | Note
-------+----------+-------------------------------------------
     0 | D:1      | Morbidden the Demigod Air Elementalist began the quest for
                  | the Orb.
     0 | D:1      | Reached XP level 1. HP: 14/14 MP: 5/5
   208 | D:1      | Reached XP level 2. HP: 20/20 MP: 5/7
   390 | D:1      | Reached skill level 3 in Air Magic
   794 | D:1      | Reached * piety under Demigod
   836 | D:1      | Reached XP level 3. HP: 27/27 MP: 7/9
   891 | D:1      | Reached skill level 1 in Conjurations
   963 | D:1      | Learned a level 3 spell: Static Discharge
  1093 | D:2      | Noticed an ogre
  1127 | D:1      | Slain by an ogre

Skill      XL: |  1  2  3 |
---------------+----------+-----
Spellcasting   | 2 |  2.4
Air Magic      | 3 |  3.1
Conjurations   | 1 |  1.0
Fighting       | |  0.4
Dodging        | |  1.8
Stealth        | |  2.1

Action                   || total
-------------------------++-------
Melee: Short sword       ||     8
 Cast: Shock             ||    61
  Eat: Chunk             ||     2
Armor: Robe              ||     3
Dodge: Dodged            ||    12
